 Dungeon Crawl Stone Soup version 0.16-a0-231-g3d5c238 (webtiles) character file.

94 Bubba the Sneak (level 4, 0/23 HPs)
             Began as a Vine Stalker Assassin on Aug 21, 2014.
             Slain by a giant gecko (4 damage)
             ... on Level 3 of the Dungeon.
             The game lasted 00:11:31 (1437 turns).

Bubba the Sneak (Vine Stalker Assassin)             Turns: 1437, Time: 00:11:31

HP   0/23        AC  3     Str 14      XL: 4   Next: 63%
MP   0/5         EV 11     Int 11      God:
Gold 57          SH  0     Dex 16      Spells:  0 memorised,  3 levels left

rFire  . . .     SeeInvis .     m - +3 short sword (elec)
rCold  . . .     Clarity  .     r - +0 robe
rNeg   . . .     rCorr    .     (no shield)
rPois  .         rRot     +     (no helmet)
rElec  .         Spirit   +     d - +0 cloak
SustAb .         Warding  .     (no gloves)
rMut   .         Stasis   .     (no boots)
Gourm  .                        (no amulet)
MR     .....                    (no ring)
                                (no ring)

@: not resistant to hostile enchantments, fairly stealthy
A: fangs 2, regeneration 1, magic shield, antimagic bite, no device heal 3, rot
immunity
a: no special abilities


You were on level 3 of the Dungeon.
You were hungry.

You visited 1 branch of the dungeon, and saw 3 of its levels.

You collected 57 gold pieces.

Inventory:

Hand weapons
 a - a +2 dagger
 b - a +0 blowgun
 i - a +0 whip of draining
 m - a +3 short sword of electrocution (weapon)
 w - a +2 dagger of venom
Missiles
 e - 22 poisoned needles
 q - a curare-tipped needle
 x - 20 sling bullets
Armour
 c - a +0 robe
 d - a +0 cloak (worn)
 f - a +0 robe
 r - a +0 robe (worn)
Comestibles
 g - a bread ration
 o - 2 meat rations
 v - a rotting chunk of hobgoblin flesh
Scrolls
 p - a scroll of teleportation
Jewellery
 n - an uncursed ring of protection from fire
Potions
 h - a potion of poison {unknown}
 j - a potion of confusion
 s - a potion of mutation {unknown}
 u - a potion of haste {unknown}


   Skills:
 + Level 2.0 Fighting
 + Level 2.1 Short Blades
 + Level 2.4 Throwing
 - Level 0.7 Dodging
 + Level 6.6 Stealth


You had 3 spell levels left.
You didn't know any spells.

Dungeon Overview and Level Annotations

Branches:
Dungeon (3/15)

Altars:
Vehumet


Innate Abilities, Weirdness & Mutations

You have extremely sharp teeth.
Your natural rate of healing is unusually fast.
When hurt, damage is shared between your health and your magic reserves.
Your bite disrupts and absorbs the magic of your enemies.
Potions and wands cannot restore your health.
You are immune to rotting.


Message History

The jackal misses you. The jackal closely misses you.
You hit the gnoll.
There is a sudden explosion of sparks!
You kill the gnoll!
The jackal misses you.
You hit the jackal.
There is a sudden explosion of sparks!
You kill the jackal!
The giant gecko bites you.
* * * LOW HITPOINT WARNING * * *
You completely miss the giant gecko.
The jackal barks!
The giant gecko barely misses you.
A kobold comes into view.
You barely miss the giant gecko.
The kobold throws a stone.
The stone misses you. The giant gecko bites you.
* * * LOW HITPOINT WARNING * * *
A bat comes into view.
You hit the giant gecko.
The giant gecko is moderately wounded.
The giant gecko bites you.
You die...

### . ..# ... #.#
.... #.# #...
#.s####.#######
#...
#...hl@).....##
#...
###..####K.#..####
#... #>..
##.##..g.###...
#..#.
#......)...###
..b###
#######%##.... ###
#....... ####..##
#..## # #..#


You could see a giant gecko, a jackal, a giant cockroach, a bat and a kobold.

Vanquished Creatures
  Jessica (D:2)
  3 gnolls (D:3)
  A worm (D:2)
  An ooze (D:1)
  2 ball pythons (D:1)
  4 giant cockroaches
  5 goblins
  5 hobgoblins
  3 bats
  2 giant newts
  4 jackals
  5 kobolds
  6 rats
42 creatures vanquished.

Notes
Turn   | Place    | Note
--------------------------------------------------------------
     0 | D:1      | Bubba, the Vine Stalker Assassin, began the quest for the Orb.
     0 | D:1      | Reached XP level 1. HP: 11/11 MP: 1/1
    57 | D:1      | Reached skill level 5 in Stealth
   139 | D:1      | Reached XP level 2. HP: 15/15 MP: 3/3
   869 | D:2      | Noticed Jessica
   876 | D:2      | Killed Jessica
   876 | D:2      | Reached XP level 3. HP: 18/18 MP: 4/4
   929 | D:2      | Reached skill level 6 in Stealth
  1262 | D:3      | Found a radiant altar of Vehumet.
  1302 | D:3      | Reached XP level 4. HP: 19/23 MP: 5/5
  1437 | D:3      | Slain by a giant gecko

Action                   |  1- 3 |  4- 6 || total
-------------------------+-------+-------++-------
Melee: Dagger            |    19 |       ||    19
       Short sword       |    23 |    21 ||    44
 Fire: Blowgun           |    23 |     2 ||    25
  Use: Scroll            |     5 |       ||     5
 Stab: Sleeping          |    12 |       ||    12
       Distracted        |     1 |     1 ||     2
  Eat: Chunk             |     1 |       ||     1
